AoeStats
← UserIDAlreadyInUse

Arena

509463226Analyzed
2v2 RM · 5d ago on Sep 26, 2026· 29m 41s· 4 players
Game mode
Random Map
Map size
Medium (4 player)
Population
200
Speed
Normal
Resources
Standard
Victory
Conquest
Starting age
Dark Age
Ending age
Imperial Age
RankedLock teamsTeams togetherTeam positionsShared explorationLock speedFull tech treeHidden civsTurbo modeCheats
Victory
Defeat
🇲🇽 Malay · Mexico
1211
+14
🇲🇽 Jurchens · Mexico
1210
+14
🇳🇴 Britons · Norway
1177
-14
🇳🇴 Celts · Norway
1169
-14
Tow Errush
8:39 Loom
11:44 Feudal Age
12:57 Double-Bit Axe
16:23 Castle Age
14:59 Horse Collar
16:38 Gold Mining
17:36 Bow Saw
17:18 Town Watch
19:33 Wheelbarrow
Chasté Le Dropeau
4:15 Loom
10:58 Feudal Age
15:36 Castle Age
14:41 Wheelbarrow
19:36 Wheelbarrow
24:42 Double-Bit Axe
Ryun Sakashita
0:50 Loom
11:21 Feudal Age
16:40 Castle Age
15:00 Double-Bit Axe
15:22 Horse Collar
26:14 Arson
26:53 Forging
28:20 Squires
30:08 Iron Casting
30:04 Town Watch
UserIDAlreadyInUse
11:56 Feudal Age
13:01 Double-Bit Axe
15:52 Castle Age
23:38 Gold Mining
31:12 Imperial Age
29:49 Siege Engineers
Connection lost

Rejoining the realm…

Still unreachable

The connection could not be restored.

Session expired

The server has moved on; the page needs a fresh start.